 Dungeon Crawl Stone Soup version 0.29-a0-416-g83a48905f1 (webtiles) character file.

Game seed: 799130766841268128

51 zishaf the Magician (level 4, -4/32 HPs)
             Began as a Djinni Air Elementalist on May 16, 2022.
             Killed from afar by Natasha (6 damage)
             ... with a magic dart
             ... on level 3 of the Dungeon.
             The game lasted 00:03:00 (2417 turns).

zishaf the Magician (Djinni Air Elementalist)       Turns: 2417, Time: 00:03:01

Health: -4/32      AC:  2    Str:  7    XL:     4   Next: 5%
Gold:   62         EV: 12    Int: 18    God:
                   SH:  0    Dex: 14

rFire   + + .      SeeInvis .   d - +0 short sword
rCold   x . .      Faith    .   (no shield)
rNeg    . . .      Spirit   .   a - +0 robe
rPois   ∞          Reflect  .   (no helmet)
rElec   .          Harm     .   (no cloak)
rCorr   .          Rampage  .   (no gloves)
Will    .....                   (boots unavailable)
Stlth   ++........              (no amulet)
HPRegen 0.10/turn               (no ring)
MPRegen 0.00/turn               (no ring)

@: flying
A: sickness immunity, fire resistance 2, cold vulnerability 1, float, innate
caster, HP casting, extra vitality 1
a: no special abilities


You were on level 3 of the Dungeon.
You visited 1 branch of the dungeon, and saw 3 of its levels.

You collected 62 gold pieces.

Inventory:

Hand Weapons
 d - a +0 short sword (weapon)
Missiles
 h - a throwing net
Armour
 a - a +0 robe (worn)
Scrolls
 b - 2 scrolls of teleportation {unknown}
 c - a scroll of magic mapping {unknown}
 g - a scroll of summoning {unknown}
Potions
 e - a potion of curing
 f - a potion of lignification {unknown}
 i - a potion of magic {unknown}
 j - a potion of cancellation {unknown}


   Skills:
 + Level 1.6 Fighting
 - Level 2.1 Dodging
 - Level 1.5 Stealth
 * Level 3.3 Spellcasting


You couldn't memorise any spells.
You knew the following spells:

 Your Spells              Type           Power      Damage    Failure   Level
a - Shock                 Conj/Air       56%        1d6       4%          1
b - Static Discharge      Conj/Air       14%        N/A       6%          2
c - Swiftness             Air            14%        N/A       12%         3
d - Airstrike             Air            7%         N/A       38%         4
e - Animate Skeleton      Necr           28%        N/A       4%          1
Your spell library was empty.

Dungeon Overview and Level Annotations

Branches:
Dungeon (3/15)

Altars:

Shops:
D:1 =

Annotations:
D:3 Natasha


Innate Abilities, Weirdness & Mutations

You are immune to sickness and miasma.
You are immune to poison.
Your flesh is very heat resistant. (rF++)
You are vulnerable to cold. (rC-)
You float through the air rather than walking.
You learn spells naturally, not from books.
Your magical power is your life essence.
You have superior vitality. (+4 MHP)


Message History

Press: ? - help, Shift-Dir - straight line, f/p - Natasha
Aim: Natasha (severely wounded, 64% to hit)
The zap hits Natasha.
Natasha is severely wounded.
Natasha barely misses you.
Casting: Shock (safe; 4% risk of failure)
Confirm with . or Enter, or press ? or * to list all spells.
Aiming: Shock (safe; 4% risk of failure)
Press: ? - help, Shift-Dir - straight line, f/p - Natasha
Aim: Natasha (severely wounded, 64% to hit)
The zap misses Natasha.
Natasha drinks a potion.
Natasha is healed!
Casting: Shock (safe; 4% risk of failure)
Confirm with . or Enter, or press ? or * to list all spells.
Aiming: Shock (safe; 4% risk of failure)
Press: ? - help, Shift-Dir - straight line, f/p - Natasha
Aim: Natasha (lightly wounded, 64% to hit)
The zap hits Natasha.
Natasha is heavily wounded.
Natasha misses you.
Casting: Shock (safe; 4% risk of failure)
Confirm with . or Enter, or press ? or * to list all spells.
Aiming: Shock (safe; 4% risk of failure)
Press: ? - help, Shift-Dir - straight line, f/p - Natasha
Aim: Natasha (heavily wounded, 64% to hit)
The zap hits Natasha.
Natasha is severely wounded.
Natasha casts a spell at you. The magic dart hits you!
* * * LOW HITPOINT WARNING * * *
Casting: Shock (safe; 4% risk of failure)
Confirm with . or Enter, or press ? or * to list all spells.
Aiming: Shock (safe; 4% risk of failure)
Press: ? - help, Shift-Dir - straight line, f/p - Natasha
Aim: Natasha (severely wounded, 64% to hit)
The zap hits Natasha.
Natasha is almost dead.
* * * LOW HITPOINT WARNING * * *
Natasha stares at you and mumbles some strange words.
The magic dart hits you.
You die...

#####
###########...#
#....@h.....#.#
#.#########...#
#.# ##....>)hJ
##.## #.#...##.
####...##
#...#....
#.......# #.#..
### #.##....#
#.##.#
#.###.#.# #.#
.# #.# #.#.#
#.#


You could see Natasha.

Vanquished Creatures
  An adder (D:3)
  A worm (D:2)
  2 dart slugs
  3 bats
  4 endoplasms
  A giant cockroach (D:2)
  2 goblins
  3 hobgoblins
  4 quokkas
  5 ball pythons
  3 frilled lizards
  2 kobolds
  4 rats
35 creatures vanquished.

Notes
Turn   | Place    | Note
-------+----------+-------------------------------------------
     0 | D:1      | zishaf the Djinni Air Elementalist began the quest for the
                  | Orb.
     0 | D:1      | Reached XP level 1. HP: 15/15 MP: 0/0
    27 | D:1      | Found Lomosousyz's Jewellery Shop.
   377 | D:1      | Reached XP level 2. HP: 21/22 MP: 0/0
   697 | D:1      | Reached skill level 1 in Fighting
  1081 | D:2      | Reached skill level 3 in Spellcasting
  1081 | D:2      | Reached XP level 3. HP: 11/27 MP: 0/0
  1081 | D:2      | Learned a level 1 spell: Animate Skeleton
  2270 | D:3      | Reached XP level 4. HP: 24/32 MP: 0/0
  2397 | D:3      | Noticed Natasha
  2417 | D:3      | Killed from afar by Natasha

Illustrated notes

Levels and vault maps discovered:
D:1:      lightli_arrival_farm, layout_rooms, serial_shops,
          nicolae_shop_hallway_stairs, chequers_serial_rivers_micro_c
D:2:      layout_basic
D:3:      layout_loops_ring, hellmonk_ecumenical_altar_leap_of_faith,
          supply_closet_lemuel, kennysheep_generic_room_13, uniq_natasha

Skill      XL: |  1  2 |
---------------+-------+-----
Fighting       | 1 |  1.6
Spellcasting   | 3 |  3.3
Dodging        | |  2.1
Stealth        | |  1.5

Action                   |  1- 3 |  4- 6 || total
-------------------------+-------+-------++-------
Melee: Short sword       |     1 |       ||     1
 Cast: Shock             |    79 |    13 ||    92
Armor: Robe              |     1 |       ||     1
Dodge: Dodged            |     7 |     3 ||    10

Table legend: (Time is in decaauts)
 A = Elapsed time spent in this place.
 B = Non-inter-level travel time spent in this place.
 C = Inter-level travel time spent in this place.
 D = Time resting spent in this place.
 E = Time spent auto-exploring this place.
 F = Levels seen in this place.
 G = Mean time per level.
                   A        B        C        D        E       F      G
               +--------+--------+--------+--------+--------+-----+--------+
         Total |   2416 |   2354 |     62 |      0 |   2170 |   3 |  805.3 |
       Dungeon |   2416 |   2354 |     62 |      0 |   2170 |   3 |  805.3 |
               +--------+--------+--------+--------+--------+-----+--------+

Top non-repeatable levels by time:
     D:2: 1201 daAuts
     D:1: 865 daAuts
     D:3: 348 daAuts
